[ AOE2 MATCH · #495306583 ]
UnrankedGeorgians vs Persians
Player's team · LOSS
Rival team · WIN
[ REPLAY ANALYSIS · EXTRACTED FROM THE RECORDED GAME ]
Feudal
8:29
Castle
20:27
Imperial
40:07
| APM avg | 72.4 |
| APM peak | 136 |
| eAPM avg | 34.3 |
| Villagers / military | 160 / 102 |
Focus
⚔️ 54.7% · 🌾 45.3%
Cavalry Archer ×53 · Knight ×15 · Archer ×12 · Monk ×9 · Scout Cavalry ×7 · Skirmisher ×3
Feudal
8:25
Castle
18:34
Imperial
36:19
| APM avg | 81.4 |
| APM peak | 133 |
| eAPM avg | 39.7 |
| Villagers / military | 141 / 193 |
Focus
⚔️ 37.9% · 🌾 62.1%
Knight ×117 · Camel Scout ×52 · Trebuchet (Packed) ×7 · Monk ×4 · Scout Cavalry ×4 · Spearman ×3
Match map
Initial resources + every placement click. Lines = walls · curves = elevation contours. ◆ gold · ⬟ stone · ● berries · ✦ relic · ◌ wall gap
Your base· ✓ Closed at 20:27 · 29t walls · no gate
Minaqua's base· ✓ Closed at 18:34 · 16t walls · no gate
Smoothed initial terrain · ◌ = detected wall gap · hover for details
Inputs per minute
— beta55 - - Minaqua
Build order — beta55
First 150 of 391 actions detected
| 0:00 | Queue | Villager (Male) ×4 |
| 0:01 | Build | House |
| 0:02 | Build | House |
| 1:30 | Queue | Villager (Male) |
| 1:58 | Queue | Villager (Male) |
| 2:11 | Queue | Villager (Male) |
| 2:57 | Queue | Villager (Male) |
| 3:20 | Queue | Villager (Male) |
| 3:30 | Build | House |
| 3:40 | Queue | Villager (Male) |
| 4:06 | Queue | Villager (Male) |
| 4:11 | Build | Barracks |
| 4:19 | Queue | Villager (Male) |
| 4:24 | Queue | Villager (Male) |
| 4:24 | Queue | Villager (Male) |
| 4:29 | Queue | Villager (Male) |
| 4:30 | Queue | Villager (Male) |
| 5:54 | Queue | Villager (Male) |
| 6:17 | Research | Feudal Age |
| 7:03 | Research | Loom |
| 7:48 | Build | House |
| 8:08 | Build | Mill |
| 8:29 | Age | Feudal Age |
| 8:31 | Build | Stable |
| 8:33 | Research | Double-Bit Axe |
| 8:34 | Queue | Spearman |
| 8:43 | Queue | Villager (Male) |
| 8:56 | Queue | Villager (Male) |
| 9:04 | Queue | Villager (Male) |
| 9:05 | Build | House |
| 9:13 | Queue | Villager (Male) |
| 9:17 | Queue | Villager (Male) |
| 9:28 | Queue | Scout Cavalry |
| 9:28 | Queue | Scout Cavalry |
| 9:30 | Queue | Villager (Male) |
| 9:42 | Build | Palisade Wall |
| 9:45 | Queue | Villager (Male) |
| 9:49 | Build | Farm |
| 9:50 | Build | Farm |
| 9:59 | Queue | Villager (Male) |
| 10:06 | Queue | Villager (Male) |
| 10:11 | Build | Farm |
| 10:17 | Build | House |
| 10:30 | Queue | Scout Cavalry |
| 10:33 | Build | Farm |
| 10:45 | Build | Farm |
| 10:56 | Build | Farm |
| 11:07 | Build | Palisade Wall |
| 11:10 | Queue | Scout Cavalry |
| 11:12 | Queue | Villager (Male) |
| 11:16 | Build | Farm |
| 11:27 | Queue | Villager (Male) |
| 11:39 | Queue | Villager (Male) |
| 11:47 | Build | Farm |
| 11:48 | Build | Farm |
| 11:55 | Build | Palisade Wall |
| 12:01 | Queue | Villager (Male) |
| 12:09 | Queue | Villager (Male) |
| 12:26 | Build | Farm |
| 12:27 | Build | Palisade Wall |
| 12:28 | Build | Palisade Wall |
| 12:31 | Queue | Scout Cavalry |
| 12:45 | Build | Mule Cart |
| 12:51 | Queue | Villager (Male) |
| 12:55 | Queue | Villager (Male) |
| 12:56 | Build | House |
| 13:09 | Queue | Villager (Male) |
| 13:50 | Build | House |
| 14:09 | Queue | Scout Cavalry |
| 14:12 | Build | Blacksmith |
| 14:28 | Build | Palisade Wall |
| 14:29 | Build | Palisade Wall |
| 14:33 | Queue | Scout Cavalry |
| 14:41 | Queue | Spearman |
| 14:42 | Queue | Villager (Male) |
| 14:43 | Build | Farm |
| 15:09 | Queue | Villager (Male) |
| 15:15 | Build | Palisade Wall |
| 15:38 | Build | House |
| 15:42 | Queue | Villager (Male) |
| 15:56 | Build | Farm |
| 16:05 | Build | Archery Range |
| 16:10 | Build | House |
| 16:12 | Queue | Villager (Male) |
| 16:39 | Queue | Villager (Male) |
| 16:42 | Build | Farm |
| 17:02 | Build | Archery Range |
| 17:07 | Queue | Villager (Male) |
| 17:07 | Queue | Archer |
| 17:21 | Build | Palisade Wall |
| 17:47 | Research | Castle Age |
| 17:51 | Build | Mule Cart |
| 17:53 | Queue | Archer |
| 17:53 | Queue | Archer |
| 18:29 | Queue | Archer |
| 18:29 | Queue | Archer |
| 18:34 | Research | Fletching |
| 18:34 | Research | Fletching |
| 18:54 | Queue | Archer |
| 18:54 | Queue | Archer |
| 18:59 | Build | Stable |
| 19:11 | Research | Bloodlines |
| 19:11 | Research | Bloodlines |
| 19:18 | Build | Palisade Wall |
| 19:22 | Queue | Archer |
| 19:22 | Queue | Archer |
| 19:26 | Queue | Villager (Male) |
| 19:48 | Queue | Archer |
| 20:01 | Build | House |
| 20:19 | Queue | Villager (Male) |
| 20:22 | Queue | Archer |
| 20:23 | Queue | Archer |
| 20:27 | Age | Castle Age |
| 20:30 | Research | Crossbowman (upgrade) |
| 20:46 | Research | Bow Saw |
| 20:46 | Research | Bow Saw |
| 20:47 | Research | Horse Collar |
| 20:47 | Research | Horse Collar |
| 20:49 | Queue | Villager (Male) |
| 20:54 | Queue | Villager (Male) |
| 21:02 | Build | Farm |
| 21:03 | Queue | Cavalry Archer |
| 21:03 | Queue | Cavalry Archer |
| 21:05 | Queue | Villager (Male) |
| 21:13 | Queue | Knight |
| 21:13 | Queue | Knight |
| 21:16 | Build | Monastery |
| 21:23 | Queue | Cavalry Archer |
| 21:23 | Queue | Cavalry Archer |
| 21:33 | Queue | Villager (Male) |
| 21:35 | Queue | Villager (Male) |
| 21:46 | Build | House |
| 21:54 | Queue | Villager (Male) |
| 21:58 | Build | House |
| 22:01 | Queue | Cavalry Archer |
| 22:01 | Queue | Cavalry Archer |
| 22:09 | Queue | Knight |
| 22:17 | Queue | Villager (Male) |
| 22:32 | Queue | Villager (Male) |
| 22:43 | Research | Gold Mining |
| 22:50 | Build | Farm |
| 22:55 | Queue | Villager (Male) |
| 22:59 | Queue | Villager (Male) |
| 23:09 | Build | Monastery |
| 23:10 | Build | Palisade Wall |
| 23:13 | Queue | Villager (Male) |
| 23:17 | Build | Farm |
| 23:19 | Queue | Villager (Male) |
| 23:22 | Queue | Monk |
| 23:33 | Queue | Villager (Male) |
Build order — Minaqua
First 150 of 519 actions detected
| 0:00 | Queue | Villager (Male) |
| 0:01 | Queue | Villager (Male) |
| 0:02 | Build | House |
| 0:03 | Build | House |
| 0:12 | Queue | Villager (Male) |
| 0:13 | Queue | Villager (Male) |
| 0:15 | Queue | Villager (Male) |
| 1:20 | Queue | Villager (Male) |
| 1:48 | Queue | Villager (Male) |
| 2:31 | Queue | Villager (Male) |
| 2:31 | Queue | Villager (Male) |
| 2:32 | Queue | Villager (Male) |
| 2:54 | Build | Lumber Camp |
| 3:22 | Queue | Villager (Male) |
| 3:37 | Build | House |
| 3:46 | Queue | Villager (Male) |
| 3:58 | Queue | Villager (Male) |
| 4:30 | Queue | Villager (Male) |
| 4:57 | Queue | Villager (Male) |
| 5:01 | Build | Mill |
| 5:06 | Queue | Villager (Male) |
| 5:17 | Research | Loom |
| 6:06 | Research | Feudal Age |
| 7:07 | Build | Barracks |
| 7:19 | Build | House |
| 7:23 | Build | Palisade Wall |
| 8:15 | Build | Palisade Wall |
| 8:25 | Age | Feudal Age |
| 8:26 | Queue | Villager (Male) |
| 8:28 | Build | Stable |
| 8:35 | Queue | Villager (Male) |
| 8:38 | Queue | Spearman |
| 8:48 | Research | Double-Bit Axe |
| 9:09 | Queue | Scout Cavalry |
| 9:10 | Queue | Villager (Male) |
| 9:16 | Build | Farm |
| 9:24 | Build | House |
| 9:26 | Queue | Villager (Male) |
| 9:37 | Queue | Scout Cavalry |
| 9:53 | Build | House |
| 9:54 | Queue | Villager (Male) |
| 9:55 | Build | Farm |
| 9:59 | Queue | Scout Cavalry |
| 10:13 | Build | Farm |
| 10:23 | Queue | Villager (Male) |
| 10:26 | Build | Palisade Wall |
| 10:29 | Build | Farm |
| 10:43 | Build | House |
| 10:43 | Build | Palisade Wall |
| 10:45 | Queue | Villager (Male) |
| 10:49 | Queue | Scout Cavalry |
| 10:55 | Build | House |
| 10:56 | Build | Palisade Wall |
| 10:59 | Build | Farm |
| 11:06 | Queue | Villager (Male) |
| 11:16 | Queue | Villager (Male) |
| 11:18 | Build | Farm |
| 11:40 | Build | Farm |
| 11:47 | Queue | Villager (Male) |
| 11:52 | Build | Farm |
| 11:53 | Build | Farm |
| 12:09 | Queue | Villager (Male) |
| 12:19 | Build | Farm |
| 12:23 | Build | Farm |
| 12:25 | Build | Farm |
| 12:31 | Queue | Villager (Male) |
| 12:59 | Build | Farm |
| 12:59 | Build | Farm |
| 13:01 | Queue | Villager (Male) |
| 13:06 | Build | House |
| 13:22 | Queue | Villager (Male) |
| 13:32 | Build | House |
| 13:35 | Queue | Villager (Male) |
| 13:37 | Build | Mining Camp |
| 14:01 | Queue | Villager (Male) |
| 14:20 | Build | Blacksmith |
| 14:26 | Queue | Villager (Male) |
| 14:41 | Queue | Villager (Male) |
| 15:07 | Build | Stable |
| 15:07 | Queue | Villager (Male) |
| 15:13 | Queue | Spearman |
| 15:36 | Queue | Villager (Male) |
| 15:43 | Queue | Spearman |
| 16:03 | Build | Farm |
| 16:08 | Research | Castle Age |
| 16:37 | Research | Scale Barding Armor |
| 16:46 | Research | Horse Collar |
| 17:07 | Research | Gold Mining |
| 17:07 | Research | Gold Mining |
| 17:31 | Research | Bloodlines |
| 18:13 | Build | Farm |
| 18:16 | Build | Farm |
| 18:33 | Build | Farm |
| 18:34 | Age | Castle Age |
| 18:35 | Queue | Knight |
| 18:36 | Queue | Knight |
| 18:37 | Queue | Villager (Male) |
| 19:01 | Build | Town Center |
| 19:01 | Queue | Villager (Male) |
| 19:06 | Queue | Knight |
| 19:08 | Queue | Knight |
| 19:14 | Build | House |
| 19:21 | Build | Farm |
| 19:22 | Queue | Villager (Male) |
| 19:29 | Queue | Knight |
| 19:41 | Build | Farm |
| 19:41 | Build | Farm |
| 19:42 | Queue | Knight |
| 19:46 | Queue | Villager (Male) |
| 20:09 | Research | Wheelbarrow |
| 20:14 | Queue | Knight |
| 20:16 | Queue | Knight |
| 20:35 | Build | Farm |
| 20:44 | Queue | Villager (Male) |
| 20:47 | Queue | Knight |
| 20:48 | Queue | Knight |
| 20:53 | Queue | Knight |
| 20:56 | Build | Farm |
| 21:04 | Queue | Villager (Male) |
| 21:10 | Queue | Knight |
| 21:15 | Build | Farm |
| 21:15 | Build | Farm |
| 21:25 | Queue | Villager (Male) |
| 21:32 | Queue | Villager (Male) |
| 21:34 | Build | Farm |
| 21:38 | Queue | Villager (Male) |
| 21:44 | Queue | Villager (Male) |
| 21:59 | Queue | Villager (Male) |
| 22:03 | Queue | Villager (Male) |
| 22:08 | Build | Monastery |
| 22:25 | Build | House |
| 22:25 | Build | House |
| 22:32 | Research | Bow Saw |
| 22:33 | Research | Bow Saw |
| 22:33 | Queue | Villager (Male) |
| 22:36 | Build | House |
| 22:37 | Build | House |
| 22:52 | Queue | Villager (Male) |
| 22:53 | Queue | Monk |
| 22:58 | Build | Farm |
| 22:58 | Build | Farm |
| 23:13 | Queue | Knight |
| 23:13 | Queue | Knight |
| 23:14 | Queue | Villager (Male) |
| 23:38 | Build | Town Center |
| 23:39 | Queue | Villager (Male) |
| 23:46 | Queue | Knight |
| 23:46 | Queue | Knight |
| 23:51 | Build | Farm |
| 23:52 | Build | Farm |
Match timeline
| 4:11 | beta55 · first_building Barracks |
| 7:07 | Minaqua · first_building Barracks |
| 7:23 | Minaqua · wall_segment Palisade Wall x5 |
| 8:15 | Minaqua · wall_segment Palisade Wall x7 |
| 8:25 | Minaqua · age_up feudal |
| 8:28 | Minaqua · first_building Stable |
| 8:29 | beta55 · age_up feudal |
| 8:31 | beta55 · first_building Stable |
| 9:42 | beta55 · wall_segment Palisade Wall x5 |
| 10:26 | Minaqua · wall_segment Palisade Wall x1 |
| 10:43 | Minaqua · wall_segment Palisade Wall x3 |
| 10:56 | Minaqua · wall_segment Palisade Wall x1 |
| 11:07 | beta55 · wall_segment Palisade Wall x4 |
| 11:55 | beta55 · wall_segment Palisade Wall x3 |
| 12:27 | beta55 · wall_segment Palisade Wall x1 |
| 12:28 | beta55 · wall_segment Palisade Wall x3 |
| 14:28 | beta55 · wall_segment Palisade Wall x1 |
| 14:29 | beta55 · wall_segment Palisade Wall x1 |
| 15:15 | beta55 · wall_segment Palisade Wall x10 |
| 16:05 | beta55 · first_building Archery Range |
| 17:21 | beta55 · wall_segment Palisade Wall x1 |
| 18:34 | Minaqua · age_up castle |
| 19:18 | beta55 · wall_segment Palisade Wall x1 |
| 20:27 | beta55 · age_up castle |
| 21:16 | beta55 · first_building Monastery |
| 22:08 | Minaqua · first_building Monastery |
| 23:10 | beta55 · wall_segment Palisade Wall x1 |
| 25:06 | beta55 · wall_segment Palisade Wall x1 |
| 25:50 | Minaqua · first_building Siege Workshop |
| 27:11 | beta55 · wall_segment Palisade Wall x1 |
| 31:14 | Minaqua · wall_segment Palisade Wall x1 |
| 35:30 | beta55 · first_market_sell 100 food |
| 36:19 | Minaqua · age_up imperial |
| 36:44 | beta55 · first_market_buy 100 stone |
| 36:52 | beta55 · first_building Castle |
| 37:11 | beta55 · wall_segment Stone Wall x1 |
| 37:13 | beta55 · wall_segment Stone Wall x3 |
| 37:34 | Minaqua · first_market_sell 100 wood |
| 37:52 | Minaqua · first_building Castle |
| 38:57 | beta55 · wall_segment Stone Wall x1 |
| 39:40 | beta55 · wall_segment Stone Wall x1 |
| 39:42 | beta55 · wall_segment Stone Wall x1 |
| 39:44 | beta55 · wall_segment Stone Wall x1 |
| 39:45 | beta55 · wall_segment Stone Wall x1 |
| 40:07 | beta55 · age_up imperial |
| 44:49 | beta55 · resign |
[ AI ANALYSIS · 1 CREDIT ]
What really happened in this match?
Wolo.gg analyzes every decision: build order, eco, micro, common mistakes by bracket. Personalized analysis on WhatsApp or Discord in 30 seconds.
Civ guide
Georgians
Perfil
Jugador #1423034